 Dungeon Crawl Stone Soup version 0.27.1-16-g815e20cd7a (webtiles) character file.

Game seed: 3988591191039581445

7 Descartes the Grasshopper (level 1, 0/9 HPs)
             Began as a Felid Warper on Nov 22, 2021.
             Slain by a frilled lizard (1 damage)
             ... on level 1 of the Dungeon.
             The game lasted 00:00:23 (168 turns).

Descartes the Grasshopper (Felid Warper)             Turns: 168, Time: 00:00:23

Health: 0/9        AC:  1    Str:  7    XL:     1   Next: 83%
Magic:  4/4        EV: 18    Int: 14    God:
Gold:   0          SH:  0    Dex: 15    Spells: 4/4 levels left
                                        Lives:  0   Deaths: 0

rFire    . . .     SeeInvis +     - Unarmed
rCold    . . .     Faith    .   (shield unavailable)
rNeg     + . .     Spirit   .   (armour unavailable)
rPois    .         Reflect  .   (helmet unavailable)
rElec    .         Harm     .   (cloak unavailable)
rCorr    .         Rampage  .   (gloves unavailable)
Will     .....                  (boots unavailable)
Stlth    ++........             (no amulet)
HPRegen  0.03/turn              b - ring of positive energy
MPRegen  0.09/turn              (no ring)

@: quick
A: very small, claws 1, fangs 3, see invisible, speed 1, shaggy fur 1, stealthy
paws, no weapons or thrown items, no armour, multi-lived
a: no special abilities


You were on level 1 of the Dungeon.
You visited 1 branch of the dungeon, and saw 1 of its levels.

Inventory:

Jewellery
 b - a ring of positive energy (left paw)
Scrolls
 a - a scroll of blinking


   Skills:
 - Level 2.0 Fighting
 + Level 3.4 Dodging
 + Level 1.1 Stealth
 + Level 2.2 Unarmed Combat
 - Level 2.0 Spellcasting
 - Level 4.4 Translocations


You had 4 spell levels left.
You didn't know any spells.
Your spell library contained the following spells:

 Spells                   Type           Power      Damage    Failure   Level
 Blink                    Tloc           N/A        N/A       6%          2
 Gell's Gravitas          Tloc           6%         N/A       12%         3
 Lesser Beckoning         Tloc           6%         N/A       12%         3
 Teleport Other           Tloc           13%        N/A       12%         3
 Manifold Assault         Tloc           13%        N/A       73%         5


Dungeon Overview and Level Annotations

Branches:
Dungeon (1/15)

Altars:


Innate Abilities, Weirdness & Mutations

You have sharp claws.
You have razor-sharp teeth.
You have supernaturally acute eyesight. (SInv)
You cover ground quickly. (Speed+)
You are covered in fur. (AC +1)
Your paws help you pounce on unaware monsters.
You are incapable of wielding weapons or throwing items.
You cannot wear armour.
You gain extra lives every three experience levels.


Message History

You scratch the jackal.
The jackal is lightly wounded.
The jackal bites you.
You scratch the jackal but do no damage.
Your bite misses the jackal.
The jackal is lightly wounded.
The jackal misses you. The giant cockroach closely misses you.
You barely miss the jackal.
The jackal is lightly wounded.
The jackal barely misses you. The giant cockroach closely misses you.
The jackal completely misses you.
You closely miss the jackal.
The jackal is lightly wounded.
The giant cockroach bites you. The jackal misses you.
You are too injured to fight recklessly!
You are too injured to fight recklessly!
You scratch the jackal.
The jackal is almost dead.
The jackal closely misses you. The giant cockroach barely misses you.
The jackal misses you.
You scratch the giant cockroach but do no damage.
You bite the giant cockroach.
The giant cockroach is severely wounded.
The giant cockroach misses you. x2
You closely miss the giant cockroach.
The giant cockroach is severely wounded.
The giant cockroach closely misses you.
You scratch the giant cockroach.
You kill the giant cockroach!
Your Stealth skill increases to level 1!
You closely miss the jackal.
The jackal is almost dead.
The jackal completely misses you. The jackal barely misses you.
You scratch the jackal.
You kill the jackal!
You closely miss the frilled lizard. The frilled lizard bites you.
* * * LOW HITPOINT WARNING * * *
You barely miss the frilled lizard. The frilled lizard misses you.
You closely miss the frilled lizard. The frilled lizard bites you.
You die...

.⌠._.⌠..#
........#
.8.⌠.8..#
$......†#
.#...##.#####..
...............
##...##.####...
### #l# #@# #.###
#.#.. ... .. .
#.#.#####.###.###.
#.#........##.#...
#.#..≈≈≈≈...#....≈
#.#.≈≈≈≈≈≈....§§≈≈
#...≈≈≈≈≈≈......≈§
###.≈≈≈≈≈≈......≈§


You could see a frilled lizard.

Vanquished Creatures
  A giant cockroach (D:1)
  3 jackals (D:1)
  A quokka (D:1)
5 creatures vanquished.

Notes
Turn   | Place    | Note
-------+----------+-------------------------------------------
     0 | D:1      | Descartes the Felid Warper began the quest for the Orb.
     0 | D:1      | Reached XP level 1. HP: 9/9 MP: 4/4
   147 | D:1      | Found a faded altar of an unknown god.
   164 | D:1      | Reached skill level 1 in Stealth
   168 | D:1      | Slain by a frilled lizard

Illustrated notes

Levels and vault maps discovered:
D:1:      dpeg_arrival_pits, layout_loops_ring,
          hellmonk_ecumenical_altar_dog_temple

Skill      XL: |  1 |
---------------+----+-----
Stealth        | 1 |  1.1
Fighting       | |  2.0
Dodging        | |  3.4
Unarmed Combat | |  2.2
Spellcasting   | |  2.0
Translocations | |  4.4

Action                   || total
-------------------------++-------
Melee: Unarmed           ||    25
       Bite              ||     2
Dodge: Dodged            ||    25
